 Dungeon Crawl Stone Soup version 0.29.1-15-g9cfb28693d (webtiles) character file.

Game seed: 6762989817324864217

47870 croobank the Grand Scion (level 14, 0/95 HPs)
             Began as a Demonspawn Fire Elementalist on Apr 4, 2023.
             Was a High Priest of Hepliaklqana.
             Slain by a two-headed ogre
             ... wielding a +0 giant spiked club
              (15 damage)
             ... on level 2 of the Orcish Mines on Apr 5, 2023.
             The game lasted 01:16:00 (22307 turns).

croobank the Grand Scion (DsFE)                    Turns: 22307, Time: 01:16:01

Health: 0/95       AC: 11    Str: 13    XL:     14   Next: 10%
Magic:  11/26      EV: 15    Int: 21    God:    Hepliaklqana [*****.]
Gold:   786        SH:  6    Dex: 17    Spells: 10/29 levels left

rFire   + + .      SeeInvis .   s - +6 short sword of Internal Strife {venom, rElec rN++ Str+4}
rCold   x . .      Faith    .   g - +1 buckler
rNeg    + + .      Spirit   .   p - +3 leather armour {Will+}
rPois   .          Reflect  .   Y - +0 helmet
rElec   +          Harm     .   P - +0 cloak
rCorr   +          Rampage  .   (gloves unavailable)
Will    ++...                   (no boots)
Stlth   ++++......              I - amulet of the Modern Violins {Acrobat Regen+ rCorr Dex+3}
HPRegen 1.05/turn               C - ring of fire
MPRegen 0.20/turn               T - ring of protection from fire

@: hasted, studying Fighting, very quick
A: reduced essence, slimy green scales 2, icemail 2, condensation shield,
demonic touch 3
a: Renounce Religion, Recall Ancestor, Ancestor Identity, Transference, Idealise


You were on level 2 of the Orcish Mines.
You worshipped Hepliaklqana.
Hepliaklqana was extremely pleased with you.
You visited 4 branches of the dungeon, and saw 18 of its levels.
You also visited: Sewer.

You collected 1487 gold pieces.
You spent 701 gold pieces at shops.

Inventory:

Hand Weapons
 c - a +2 dagger of draining
 f - the +9 great sword of Heok {vorpal, Will+ Int+4}
   (You found it on level 4 of the Lair of Beasts)

   It inflicts extra damage upon your enemies.
   Int:       It affects your intelligence (+4).
   Will:      It increases your willpower.
 i - the +7 war axe of Poverty {vorpal, Str+4 Stlth+}
   (You found it on level 5 of the Lair of Beasts)

   It inflicts extra damage upon your enemies.
   Str:       It affects your strength (+4).
   Stlth:     It makes you more stealthy.
 k - the +3 glaive of the Four Brambles {vamp, rC- Int+4}
   (You found it on level 5 of the Lair of Beasts)

   It occasionally heals its wielder for a portion of the damage dealt when it
   wounds a living foe.
   Int:       It affects your intelligence (+4).
   rC:        It makes you vulnerable to cold.
 s - the +6 short sword of Internal Strife (weapon) {venom, rElec rN++ Str+4}
   (You took it off a hobgoblin on level 4 of the Dungeon)

   It poisons the flesh of those it strikes.
   Str:       It affects your strength (+4).
   rElec:     It insulates you from electricity.
   rN:        It greatly protects you from negative energy.
 O - a +3 scimitar of flaming
Missiles
 m - 4 silver javelins
 t - a throwing net (quivered)
 y - 2 javelins
Armour
 g - a +1 buckler (worn)
 j - a +1 troll leather armour {Pargi}
 p - a +3 leather armour of willpower (worn)
 r - a +2 robe of willpower
 H - a +1 robe of positive energy
 P - a +0 cloak (worn)
 Y - a +0 helmet (worn)
Magical Staves
 z - a staff of conjuration
Jewellery
 a - a +6 ring of dexterity
 d - an amulet of reflection
 x - a ring of wizardry
 C - a ring of fire (left hand)
 I - the amulet of the Modern Violins (around neck) {Acrobat Regen+ rCorr Dex+3}
   (You found it on level 5 of the Lair of Beasts)

   [amulet of the acrobat]

   It increases your evasion while moving and waiting.
   Dex:       It affects your dexterity (+3).
   Regen:     It increases your rate of health regeneration.
   rCorr:     It protects you from acid and corrosion.
 K - the ring "Jeggad" {rPois rF- Dex+9 Stlth+}
   (You found it on level 4 of the Lair of Beasts)

   [ring of poison resistance]

   Dex:       It affects your dexterity (+9).
   rF:        It makes you vulnerable to fire.
   rPois:     It protects you from poison.
   Stlth:     It makes you more stealthy.
 M - a ring of see invisible
 T - a ring of protection from fire (right hand)
 W - a ring of willpower
Wands
 w - a wand of flame (13)
 E - a wand of roots (7)
 F - a wand of acid (1)
 R - a wand of charming (2)
 Z - a wand of digging (8)
Scrolls
 l - a scroll of poison
 o - 3 scrolls of teleportation
 u - 4 scrolls of immolation
 A - a scroll of torment
 S - a scroll of fear
 V - 2 scrolls of amnesia
Potions
 b - 3 potions of haste
 e - 2 potions of flight
 h - 4 potions of attraction
 n - 2 potions of curing
 q - a potion of might
 v - 4 potions of cancellation
 B - a potion of magic
 D - a potion of ambrosia
 J - 5 potions of lignification
 L - 2 potions of berserk rage
 N - a potion of resistance
 U - 3 potions of mutation
Miscellaneous
 X - a condenser vane


   Skills:
 + Level 8.8 Fighting
 + Level 7.3 Short Blades
 + Level 7.9 Dodging
 + Level 8.7 Stealth
 - Level 3.0 Shields
 + Level 8.0 Spellcasting
 + Level 8.4 Conjurations
 + Level 7.5 Translocations
 + Level 8.2 Fire Magic
 + Level 10.5 Invocations


You had 10 spell levels left.
You knew the following spells:

 Your Spells              Type           Power      Damage    Failure   Level
a - Foxfire               Conj/Fire      100%       2x1d9     1%          1
b - Scorch                Fire           100%       2d10      1%          2
c - Blink                 Tloc           80%        N/A       1%          2
d - Conjure Flame         Conj/Fire      60%        6-21      1%          3
e - Flame Wave            Conj/Fire      60%        2d14      4%          4
f - Inner Flame           Hex/Fire       38%        N/A       8%          3
g - Iskenderun's Mystic   Conj/Tloc      42%        2d10      4%          4

Your spell library contained the following spells:

 Spells                   Type           Power      Damage    Failure   Level
 Apportation              Tloc           80%        N/A       1%          1
 Lesser Beckoning         Tloc           40%        N/A       1%          3
 Sticky Flame             Conj/Fire      60%        2d8       4%          4
 Portal Projectile        Hex/Tloc       48%        N/A       9%          3
 Fireball                 Conj/Fire      30%        3d13      12%         5
 Ignite Poison            Fire/Tmut/Pois 30%        N/A       13%         3
 Manifold Assault         Tloc           40%        N/A       17%         5
 Tukima's Dance           Hex            8%         N/A       36%         3
 Starburst                Conj/Fire      30%        6d9       54%         6
 Freezing Cloud           Conj/Ice/Air   10%        6-21      75%         5
 Leda's Liquefaction      Hex/Erth       4%         N/A       78%         4
 Petrify                  Tmut/Erth      8%         N/A       78%         4
 Blade Hands              Tmut           4%         N/A       98%         5
 Lee's Rapid Deconstruct  Erth           4%         3d6*      98%         5
 Metabolic Englaciation   Hex/Ice        4%         N/A       98%         5
 Statue Form              Tmut/Erth      5%         N/A       100%        6
 Disjunction              Tloc           20%        N/A       100%        8
 Ignition                 Fire           30%        3d10      100%        8
 Maxwell's Capacitive Co  Air            4%         ∞         100%        8


Dungeon Overview and Level Annotations

Branches:
Dungeon (10/15)            Temple (1/1) D:5            Lair (5/5) D:9
 Shoals (0/4) Lair:3       Spider (0/4) Lair:3        Slime (0/5) Lair:4
    Orc (2/2) D:9             Elf (0/3) Orc:2         Sewer (visited)

Altars:
Ashenzari
Cheibriados
Dithmenos
Fedhas
Gozag
Hepliaklqana
Kikubaaqudgha
Makhleb
Nemelex Xobeh
Okawaru
Qazlal
Ru
Sif Muna
Trog
Uskayaw
Vehumet
Wu Jian
Xom
Yredelemnul

Shops:
D:4 !?:(=   Orc:2 *

Annotations:
D:5 2 transporters, Anandil's ghost, amateur DsTm


Innate Abilities, Weirdness & Mutations

Your life essence is reduced to manifest your ancestor. (-10% HP)
You are mostly covered in slimy green scales. (AC +3)
A meltable icy envelope protects you from harm. (AC +0)
A meltable shield of frost defends you. (SH +0)
Your touch may irresistibly damage your foes and sap their willpower.


Message History

Found 18 gold pieces.
The two-headed ogre shouts in stereo! x2; The ogre mage shouts!
The two-headed ogre shouts in stereo! x2
You block the ogre mage's attack.
The two-headed ogre moves out of view.
The two-headed ogre shouts in stereo!
Okay, then.
Casting: Iskenderun's Mystic Blast (dangerous; 4% risk of failure)
Confirm with . or Enter, or press ? or * to list all spells.
You erupt in a blast of force!
The mystic blast hits the two-headed ogre!
The two-headed ogre is lightly wounded.
The two-headed ogre is knocked back by the mystic blast.
The mystic blast hits the two-headed ogre!
The two-headed ogre is lightly wounded.
The two-headed ogre is knocked back by the mystic blast.
The mystic blast hits the two-headed ogre.
The two-headed ogre is lightly wounded.
The two-headed ogre is knocked back by the mystic blast.
The mystic blast hits the ogre mage!
The ogre mage is moderately wounded.
The mystic blast hits the two-headed ogre!
The two-headed ogre is moderately wounded.
The two-headed ogre is knocked back by the mystic blast.
As you read the scroll of magic mapping, it crumbles to dust.
You feel aware of your surroundings.
You sensed 4 shops/portals.
The ogre mage gestures at you while chanting.
The bolt of magma hits you!
Your icy defenses dissipate!
You partially resist.
* * * LOW HITPOINT WARNING * * *
The two-headed ogre attacks as you move away!
The two-headed ogre hits you with a +0 giant spiked club!
* * * LOW HITPOINT WARNING * * *
The two-headed ogre hits you with a +0 giant club.
* * * LOW HITPOINT WARNING * * *
The ogre mage attacks as you move away! The ogre mage completely misses you. x2
Okay, then.
You feel yourself speed up.
The two-headed ogre hits you with a +0 giant spiked club!
You die...

,,*,,***,,.#.###.##,#****
,,,,,,*,,.....#....,.**,#*
,,,,,,,,,.........#.##,..*
,,,,,,,,,............*..#*
,,,,,,,,,....#....#.#...#
,,,,,,,,,...............#
,,,,,,,,,..$...OOOO....##
,,,,,,,,,.......#OO.....#*
,,,,,,,,,.......@#..#....*
,,,,,,,,,.......#.......#*
,,,,,,,,,.......,#.....#*
,,,,,,,,,.......,,##.#..#*
,<,,,,,,,.......,*,*#....*
,,,,,,,,,.......*,,,*#..#*
,,,,,,,,,.......,,,,*,..,**
*,***,,,,.......,,,,,,,,,,*
,,,*,,,,,,,,,,,,*,,,,,,,,**


You could see 4 two-headed ogres and an ogre mage.

Vanquished Creatures
  Saint Roka (Orc:2)
  An orc warlord (Orc:1)
  An ice dragon (Lair:4)
  Erolcha (D:9)
  4 hydras
  A catoblepas (Lair:5)
  Erica (D:9)
  10 death yaks
  Pikel (D:7)
  An orc sorcerer (Orc:1)
  Maurice (D:9)
  7 elephants
  5 komodo dragons
  4 cane toads
  2 rime drakes
  2 trolls
  2 polar bears
  A hornet (D:9)
  7 blink frogs (Lair:3)
  17 yaks
  3 wyverns
  Eustachio (D:5)
  A steam dragon (D:7)
  4 vampire mosquitoes (D:6)
  2 wargs (Orc:1)
  3 water moccasins
  3 black bears
  Pargi (Sewer)
  An ice beast (D:6)
  14 orc warriors
  3 ogres
  14 wolves
  A centaur (D:9)
  3 lemures (D:7)
  A kobold brigand (D:9)
  Blork the orc (D:6)
  10 bullfrogs
  6 gnoll sergeants (D:9)
  A necrophage (D:5)
  5 scorpions
  5 wights
  3 howler monkeys
  An electric eel (Lair:4)
  7 jellies
  2 hounds
  A gnoll bouda (D:6)
  15 orc priests
  15 orc wizards
  6 iguanas
  A mummy (D:7)
  8 gnolls
  11 adders
  5 river rats (D:3)
  A white imp (D:5)
  An ufetubus (D:7)
  3 worms
  3 dart slugs
  50 orcs
  7 endoplasms
  5 giant cockroaches
  8 goblins
  6 hobgoblins
  2 jackals (D:3)
  6 kobolds
  5 quokkas
  14 ball pythons
  6 bats
  7 frilled lizards
  A kobold zombie (D:7)
  An orc zombie (D:7)
  11 rats
365 creatures vanquished.

Vanquished Creatures (collateral kills)
  A hydra (Lair:2)
  A deep troll shaman (Lair:5)
  4 death yaks
  A lindwurm (Lair:5)
  A cyclops (D:10)
  3 elephants
  A black mamba (Lair:3)
  A cane toad (Lair:3)
  A rime drake (Lair:5)
  6 komodo dragons
  A troll (Orc:2)
  2 polar bears (Lair:5)
  A blink frog (Lair:3)
  A vampire (D:9)
  5 basilisks
  A wyvern (Lair:3)
  19 yaks
  Menkaure (D:7)
  2 wargs (Orc:1)
  4 water moccasins
  4 black bears
  6 orc warriors
  An ogre (Orc:1)
  8 wolves
  A centaur (D:9)
  A kobold brigand (D:9)
  A bullfrog (Lair:4)
  A wight (D:7)
  An electric eel (Lair:1)
  3 orc priests
  5 orc wizards
  An adder (D:3)
  18 orcs
  An endoplasm (Lair:4)
  2 kobolds (D:9)
  A bush (Lair:4)
  25 foxfires
137 creatures vanquished.

Vanquished Creatures (others)
  16 battlemagi
  2 ancestors
  1042 foxfires
  10 fungi
  16 plants
1086 creatures vanquished.

Grand Total: 1588 creatures vanquished

Notes
Turn   | Place    | Note
-------+----------+-------------------------------------------
     0 | D:1      | croobank the Demonspawn Fire Elementalist began the quest
                  | for the Orb.
     0 | D:1      | Reached XP level 1. HP: 13/13 MP: 3/3
   200 | D:1      | Gained mutation: Your touch may inflict minor irresistible
                  | damage on your foes. [demonic ancestry]
   200 | D:1      | Reached XP level 2. HP: 11/19 MP: 1/5
   339 | D:1      | Learned a level 2 spell: Scorch
   747 | D:1      | Found a faded altar of an unknown god.
  1037 | D:1      | Gained mutation: A meltable shield of frost defends you.
                  | (SH +0) [demonic ancestry]
  1037 | D:1      | Reached XP level 3. HP: 24/24 MP: 2/6
  1533 | D:2      | Learned a level 2 spell: Blink
  2149 | D:2      | Reached XP level 4. HP: 31/31 MP: 4/7
  2611 | D:3      | Found a broken altar of Ashenzari.
  2651 | D:3      | Reached skill level 1 in Fighting
  2809 | D:3      | Reached skill level 1 in Shields
  2844 | D:3      | Gained mutation: Your touch may inflict irresistible damage
                  | on your foes. [demonic ancestry]
  2844 | D:3      | Reached XP level 5. HP: 21/37 MP: 3/8
  2868 | D:3      | Found a glowing drain.
  2875 | Sewer    | Entered a sewer
  2946 | Sewer    | Learned a level 3 spell: Conjure Flame
  3200 | Sewer    | Noticed Pargi
  3205 | Sewer    | Killed Pargi
  3206 | Sewer    | Reached skill level 1 in Translocations
  3438 | Sewer    | Reached XP level 6. HP: 44/44 MP: 7/10
  4674 | D:4      | Found Syzxos's Book Emporium.
  4988 | D:4      | Found Ykleco's Distillery.
  5005 | D:4      | Bought a potion of heal wounds for 65 gold pieces
  5011 | D:4      | Found Wobruri's Magic Scroll Shop.
  5034 | D:4      | Identified the +6 short sword of Internal Strife {venom,
                  | rElec rN++ Str+4}
  5185 | D:4      | Found Zolalugg's Jewellery Shop.
  5696 | D:4      | Found Caejia's Weapon Shoppe.
  5848 | D:5      | Entered Level 5 of the Dungeon
  5920 | D:5      | Found a stormy altar of Qazlal.
  5951 | D:5      | Noticed Eustachio
  5952 | D:5      | Gained mutation: A meltable icy envelope protects you from
                  | harm. (AC +0) [demonic ancestry]
  5952 | D:5      | Reached XP level 7. HP: 51/51 MP: 3/11
  6028 | D:5      | Killed Eustachio
  6369 | D:5      | Found a transporter.
  6391 | D:5      | Noticed Anandil's ghost (amateur DsTm)
  6395 | D:5      | Found a transporter.
  6629 | D:5      | Found a staircase to the Ecumenical Temple.
  6639 | D:5      | Reached skill level 1 in Short Blades
  6780 | Temple   | Entered the Ecumenical Temple
  6789 | Temple   | Became a worshipper of Hepliaklqana the Forgotten
  7379 | D:5      | Reached skill level 1 in Invocations
  7383 | D:5      | Gained mutation: A meltable icy envelope protects you from
                  | harm. (AC +0) [demonic ancestry]
  7383 | D:5      | Reached XP level 8. HP: 40/58 MP: 1/13
  7682 | D:6      | Reached skill level 2 in Invocations
  7810 | D:6      | Found an iron altar of Okawaru.
  7846 | D:6      | Reached * piety under Hepliaklqana
  7886 | D:6      | Reached skill level 3 in Invocations
  7959 | D:6      | You fall into a shaft and drop 2 floors!
  8017 | D:7      | Gained mutation: You are partially covered in slimy green
                  | scales. (AC +2) [demonic ancestry]
  8017 | D:7      | Reached XP level 9. HP: 58/58 MP: 10/15
  8049 | D:7      | Found a burning altar of Makhleb.
  8049 | D:7      | Found an ornate altar of the Wu Jian Council.
  8051 | D:7      | Found a snail-covered altar of Cheibriados.
  8335 | D:7      | Noticed Pikel
  8360 | D:7      | Killed Pikel
  8454 | D:7      | Got the Collected Works on Fog and Pollution
  8678 | D:6      | Reached skill level 4 in Invocations
  8729 | D:6      | Noticed Blork the orc
  8738 | D:6      | Killed Blork the orc
  9265 | D:7      | Found a bloodstained altar of Trog.
  9319 | D:7      | Reached skill level 5 in Stealth
  9611 | D:7      | Reached skill level 5 in Fire Magic
  9895 | D:7      | Noticed Menkaure
  9900 | D:7      | Killed Menkaure
 10691 | D:8      | Reached XP level 10. HP: 65/65 MP: 8/17
 10715 | D:8      | Reached skill level 5 in Invocations
 10935 | D:8      | Reached ** piety under Hepliaklqana
 10936 | D:8      | Remembered your ancestor Cipactli as a battlemage
 11237 | D:9      | Noticed an elephant
 11237 | D:9      | Found a staircase to the Lair.
 11606 | D:4      | Bought a ring of see invisible for 180 gold pieces
 11718 | D:9      | Killed an elephant
 11719 | D:9      | Reached skill level 5 in Fighting
 11719 | D:9      | Reached skill level 5 in Conjurations
 11769 | D:9      | Reached skill level 5 in Spellcasting
 11840 | D:9      | Learned a level 4 spell: Flame Wave
 11939 | D:9      | Reached skill level 5 in Dodging
 12007 | D:9      | Noticed Erica
 12015 | D:9      | Killed Erica
 12016 | D:9      | Reached skill level 6 in Invocations
 12171 | D:9      | Noticed Maurice
 12180 | D:9      | Killed Maurice
 12363 | D:9      | Noticed Erolcha
 12399 | D:9      | Killed Erolcha
 12400 | D:9      | Reached XP level 11. HP: 53/72 MP: 1/19
 12637 | D:9      | Found a staircase to the Orcish Mines.
 12646 | D:9      | Reached skill level 5 in Translocations
 13012 | D:10     | Entered Level 10 of the Dungeon
 13039 | D:10     | Noticed an orc knight
 13039 | D:10     | Noticed a centaur warrior
 13108 | Lair:1   | Entered Level 1 of the Lair of Beasts
 13221 | Lair:1   | Reached *** piety under Hepliaklqana
 13277 | Lair:1   | Reached skill level 7 in Invocations
 14141 | Lair:2   | Reached skill level 5 in Short Blades
 14196 | Lair:2   | Noticed a four-headed hydra
 14204 | Lair:2   | Killed a four-headed hydra
 14457 | Lair:2   | Learned a level 3 spell: Inner Flame
 14488 | Lair:2   | Noticed a four-headed hydra
 14495 | Lair:2   | Noticed a six-headed hydra
 14496 | Lair:2   | Killed a four-headed hydra
 14565 | Lair:2   | Killed a five-headed hydra
 14740 | Lair:2   | Reached XP level 12. HP: 80/80 MP: 17/21
 15194 | Lair:2   | Reached **** piety under Hepliaklqana
 15253 | Lair:3   | Found a staircase to the Shoals.
 15364 | Lair:3   | Noticed a death yak
 15364 | Lair:3   | Noticed a death yak
 15371 | Lair:3   | Noticed a death yak
 15372 | Lair:3   | Noticed a death yak
 15373 | Lair:3   | Noticed a death yak
 15374 | Lair:3   | Killed a death yak
 15375 | Lair:3   | Reached skill level 8 in Invocations
 15376 | Lair:3   | Noticed a death yak
 15528 | Lair:2   | Killed a death yak
 15543 | Lair:2   | HP: 3/80 [death yak (18)]
 15546 | Lair:2   | Killed a death yak
 15835 | D:4      | Bought a ring of fire for 300 gold pieces
 15875 | D:4      | Bought 3 scrolls of identify for 78 gold pieces
 16310 | Lair:3   | Noticed a five-headed hydra
 16330 | Lair:3   | Killed a five-headed hydra
 16779 | Lair:2   | Killed a death yak
 17066 | Lair:2   | Killed a death yak
 17498 | Lair:3   | Killed a death yak
 17789 | Lair:3   | Reached skill level 9 in Invocations
 17849 | Lair:3   | Gained mutation: You are mostly covered in slimy green
                  | scales. (AC +3) [demonic ancestry]
 17849 | Lair:3   | Reached XP level 13. HP: 85/87 MP: 3/23
 18056 | Lair:3   | Found a hole to the Spider Nest.
 18318 | Lair:4   | Found a staircase to the Slime Pits.
 18737 | Lair:4   | Reached ***** piety under Hepliaklqana
 19390 | Lair:4   | Identified the +9 great sword of Heok {vorpal, Will+ Int+4}
 19396 | Lair:4   | Got the Octavo of Coordinates
 19402 | Lair:4   | Learned a level 4 spell: Iskenderun's Mystic Blast
 19402 | Lair:4   | Identified the ring "Jeggad" {rPois rF- Dex+9 Stlth+}
 19460 | Lair:5   | Entered Level 5 of the Lair of Beasts
 19609 | Lair:5   | Identified a scroll of acquirement
 19609 | Lair:5   | Acquired a book of Fire
 19800 | Lair:5   | Identified the +3 glaive of the Four Brambles {vamp, rC-
                  | Int+4}
 20142 | D:4      | Bought a scroll of identify for 26 gold pieces
 20142 | D:4      | Bought 2 scrolls of identify for 52 gold pieces
 20872 | Lair:5   | Reached skill level 10 in Invocations
 21001 | Lair:5   | Identified the amulet of the Modern Violins {Acrobat Regen+
                  | rCorr Dex+3}
 21016 | Lair:5   | Identified the +7 war axe of Poverty {vorpal, Str+4 Stlth+}
 21188 | Orc:1    | Entered Level 1 of the Orcish Mines
 21449 | Orc:1    | Noticed an orc warlord
 21458 | Orc:1    | Killed an orc warlord
 21612 | Orc:1    | Gained mutation: Your touch may irresistibly damage your
                  | foes and sap their willpower. [demonic ancestry]
 21612 | Orc:1    | Reached XP level 14. HP: 95/95 MP: 15/26
 21998 | Orc:2    | Entered Level 2 of the Orcish Mines
 22049 | Orc:2    | Noticed Saint Roka
 22097 | Orc:2    | Killed Saint Roka
 22288 | Orc:2    | Found Oshrai's General Store.
 22307 | Orc:2    | Slain by a two-headed ogre

Illustrated notes

Levels and vault maps discovered:
D:1:      minmay_arrival_glassed_features, layout_loops_corners,
          chequers_ecumenical_altar_island
D:2:      minmay_general_purpose_star, layout_basic, columned_hall_lemuel,
          minmay_tree_intersection
D:3:      layout_basic, ashenzari_altar_1, lightli_sewer_entry_pipes
D:4:      layout_cave_pools, serial_shops, shop, nicolae_shop_statue_plus, shop,
          nicolae_shop_crystal, nicolae_lakefront_shop, serial_co_window_serial,
          co_window_paths_a, co_window_paths_a, co_window_paths_b,
          co_window_paths_a, co_window_paths_a, co_window_corner_ca,
          co_window_2corner, co_window_corner_cb, co_window_of_opportunity_c,
          co_window_corner_ca, co_window_corner_b, co_window_corner_ca,
          co_window_4corner_b, glass_columns_a, glass_columns_a,
          glass_columns_a, serial_bayou_crossing
D:5:      layout_basic, kennysheep_mini_moat, mainiacjoe_overflow_alcove_1,
          minmay_temple_entry_glass, gammafunk_ghost_arena, minivault_26,
          chequers_jeans, minmay_strange_pillars, uniq_eustachio
D:6:      layout_basic, okawaru_ov_weapons_minmay, grunt_ministairs_9,
          uniq_blork_the_orc
D:7:      layout_layer_cave, trog_butcher_becter,
          nicolae_overflow_quartered_altars, nicolae_ossuary_entry_giza,
          roderic_lattice_a, uniq_pikel, uniq_menkaure
D:8:      layout_rooms, serial_aquarium, aquarium_bridge_straight
          [aquarium_subvault_bridge, aquarium_subvault_wall,
          aquarium_subvault_bridge, aquarium_subvault_wall],
          aquarium_window_corridor_3, aquarium_window_fake, aquarium_window_1,
          aquarium_view_2b
D:9:      layout_irregular_city, david_lair_generic,
          kennysheep_orc_monster_closet_entryway, uniq_erolcha, uniq_erica,
          uniq_maurice
D:10:     layout_loops_ring, kb_rosetta
Temple:   nicolae_temple_ecumenical_triangle
Lair:1:   layout_gridlike, amcnicky_mini_pool_medium
Lair:2:   layout_chaotic_city, lemuel_fruit_fields
Lair:3:   layout_loops_ring, elwin_shoals_entry_rocks, dummy_spider_entry,
          grunt_megastairs_4
Lair:4:   dragon1_lemuel, layout_small_grid, nicolae_slime_entry_slimehenge,
          grunt_megastairs_1, infiniplex_staircase_pool
Lair:5:   grunt_lair_end_beastmaster, layout_long_grid
Orc:1:    layout_caves, mines5_lemuel
Orc:2:    pf_orc_diabolical, layout_caves, uniq_donald, uniq_saint_roka

Skill      XL: |  1  2  3  4  5  6  7  8  9 10 11 12 13 |
---------------+----------------------------------------+-----
Stealth        | 2 3 4 5 6 7 8 |  8.7
Dodging        | 2 3 4 5 6 7 |  7.9
Fire Magic     | 3 4 5 6 7 8 |  8.2
Fighting       | 1 2 3 4 5 6 7 8 |  8.8
Shields        | 1 2 3 |  3.0
Conjurations   | 2 3 4 5 6 7 8 |  8.4
Translocations | 1 2 3 4 5 6 7 |  7.5
Spellcasting   | 3 4 5 6 7 8 |  8.0
Short Blades   | 1 2 3 4 5 6 7 |  7.3
Invocations    | 1 3 4 6 7 9 10 | 10.5

Action                   |  1- 3 |  4- 6 |  7- 9 | 10-12 | 13-15 || total
-------------------------+-------+-------+-------+-------+-------++-------
Melee: Dagger            |    20 |     1 |       |       |       ||    21
       Short sword       |       |    26 |   218 |   165 |   139 ||   548
       Touch             |       |     1 |       |       |       ||     1
       Scimitar          |       |       |       |     4 |     4 ||     8
       Staff             |       |       |       |     4 |       ||     4
Throw: Throwing net      |       |       |       |       |     1 ||     1
 Cast: Foxfire           |    60 |   102 |    91 |   192 |   185 ||   630
       Scorch            |    15 |    21 |    67 |   153 |    65 ||   321
       Blink             |       |       |       |     2 |       ||     2
       Inner Flame       |       |       |       |     1 |     1 ||     2
       Flame Wave        |       |       |       |     1 |       ||     1
       Iskenderun's Myst |       |       |       |       |     2 ||     2
Invok: Ancestor Life: Ba |       |       |       |     1 |       ||     1
  Use: Scroll            |       |    10 |     5 |     8 |    15 ||    38
       Potion            |       |     2 |     1 |    13 |     2 ||    18
 Stab: Sleeping          |     5 |       |     6 |     4 |       ||    15
       Distracted        |       |       |       |     8 |     2 ||    10
       Petrified         |       |       |       |       |     1 ||     1
       Invisible         |       |       |       |       |     3 ||     3
Armor: Robe              |     6 |     6 |       |       |       ||    12
       Troll leather arm |       |    10 |   102 |    16 |       ||   128
       Leather armour    |       |       |       |    78 |    41 ||   119
Dodge: Dodged            |    20 |    36 |   204 |   154 |    75 ||   489
Block: Other             |     1 |     8 |       |       |       ||     9
       Buckler           |       |       |   114 |   126 |    75 ||   315
